 Dungeon Crawl Stone Soup version 0.31-a0-1547-g618ab1f346 (webtiles) character file.

Game seed: 15539175520527600347

69 Flugkiller the Apothecary (level 4, -1/27 HPs)
             Began as an Octopode Alchemist on Jan 2, 2024.
             Slain by an orc wizard
             ... wielding a +0 dagger
              (3 damage)
             ... on level 3 of the Dungeon.
             The game lasted 00:04:06 (728 turns).

Flugkiller the Apothecary (Octopode Alchemist)       Turns: 728, Time: 00:04:07

Health: -1/27      AC:  1    Str:  7    XL:     4   Next: 20%
Magic:  13/17      EV: 13    Int: 19    God:
Gold:   110        SH:  0    Dex: 12    Spells: 8/9 levels left

rFire   . . .        c - +2 short sword (holy)
rCold   . . .        (no shield)
rNeg    . . .        (helmet restricted)
rPois   .            (no amulet)
rElec   .            i - ring of magical power
rCorr   .            (no ring)
SInv    .            (no ring)
Will    .....        (no ring)
Stlth   +++          (no ring)
HPRegen 0.24/turn    (no ring)
MPRegen 0.15/turn    (no ring)
                     (no ring)

%: no passive effects
@: no status effects
A: almost no armour, amphibious, 8 rings, camouflage 1, gelatinous body 1,
(nimble swimmer 1), tentacles
a: no special abilities


You were on level 3 of the Dungeon.
You visited 1 branch of the dungeon, and saw 3 of its levels.

You collected 134 gold pieces.
You spent 24 gold pieces at shops.

Inventory:

Hand Weapons
 c - a +2 short sword of holy wrath (weapon)
   (You took it off a kobold on level 1 of the Dungeon)
Magical Staves
 b - a staff of cold
   (You found it on level 1 of the Dungeon)
Jewellery
 i - a ring of magical power (left tentacle)
   (You found it on level 2 of the Dungeon)
 k - a ring of ice
   (You found it on level 2 of the Dungeon)
Talismans
 e - a flux talisman
   (You found it on level 1 of the Dungeon)
Scrolls
 l - a scroll of fear {unknown}
 m - a scroll of noise {unknown}
 z - a scroll of blinking
Potions
 a - a potion of magic
 d - a potion of cancellation {unknown}
 f - a potion of brilliance {unknown}
 g - a potion of heal wounds {unknown}
 h - a potion of attraction {unknown}
 n - a potion of lignification {unknown}


   Skills:
 - Level 2.0 Dodging
 - Level 2.6 Stealth
 + Level 3.2 Spellcasting
 - Level 1.0 Conjurations
 + Level 4.4 Alchemy


You had 8 spell levels left.
You knew the following spells:

 Your Spells              Type           Power      Damage    Failure   Level
a - Sting                 Conj/Alch      52%        1d6       4%          1

Your spell library contained the following spells:

 Spells                   Type           Power      Damage    Failure   Level
 Mercury Vapours          Alch/Air       22%        N/A       9%          2
 Mephitic Cloud           Conj/Alch/Air  9%         N/A       22%         3
 Olgreb's Toxic Radiance  Alch           20%        N/A       24%         4
 Sticky Flame             Fire/Alch      11%        2d5       52%         4


Dungeon Overview and Level Annotations

Branches:
Dungeon (3/15) Zot: 17270

Altars:
Dithmenos

Shops:
D:1 :   D:3 ?


Innate Abilities, Weirdness & Mutations

You cannot wear most types of armour.
You are amphibious.
You can wear up to eight rings at the same time.
Your skin changes colour to match your surroundings (Stealth+).
Your rubbery body absorbs attacks. (AC +1, EV +1)
((You are camouflaged when in or above water. (Stealth+)))
You have tentacles for arms and can constrict up to eight enemies at once.


Message History

The sting hits the endoplasm.
The endoplasm is poisoned.
The endoplasm is lightly wounded.
The endoplasm hits you.
You puncture the endoplasm!
You kill the endoplasm!
No target in view!
An orc wizard and 3 orcs come into view.
Casting: Sting (safe; 4% risk of failure)
Confirm with . or Enter, or press ? or * to list all spells.
Aiming: Sting (safe; 4% risk of failure)
Press: ? - help, Shift-Dir - straight line, f - orc
Aim: an orc, wielding a +0 whip and wearing a +0 leather armour (asleep, 100% to hit)
The sting hits the orc.
The orc is poisoned.
The orc is lightly wounded.
The orc shouts! x2; The orc wizard shouts!
The orc shouts!
The orc wizard casts a spell.
The orc wizard flickers and vanishes!
Deactivating autopickup; reactivate with Ctrl-A.
Casting: Sting (safe; 4% risk of failure)
Confirm with . or Enter, or press ? or * to list all spells.
Aiming: Sting (safe; 4% risk of failure)
Press: ? - help, Shift-Dir - straight line, f/p - orc
Aim: an orc, wielding a +0 whip and wearing a +0 leather armour (almost dead, poisoned, 71% to hit)
The sting misses the orc.
You kill the orc!
Unknown command.
Casting: Sting (safe; 4% risk of failure)
Confirm with . or Enter, or press ? or * to list all spells.
Aiming: Sting (safe; 4% risk of failure)
Press: ? - help, Shift-Dir - straight line, f - orc
Aim: an orc, wielding a +0 club (71% to hit)
The sting hits the orc.
The orc is poisoned.
The orc is moderately wounded.
As you open the door, it creaks loudly!
You hear a shout!
A goblin comes into view. It is wielding a +0 falchion.
Found a sedimented inky potion and a short sword.
There is an open door here.
Casting: Sting (safe; 4% risk of failure)
Confirm with . or Enter, or press ? or * to list all spells.
Aiming: Sting (safe; 4% risk of failure)
Press: ? - help, Shift-Dir - straight line, f/p - orc
Aim: an orc, wielding a +0 club (moderately wounded, poisoned, 71% to hit)
Okay, then.
Found a dagger.
Casting: Sting (safe; 4% risk of failure)
Confirm with . or Enter, or press ? or * to list all spells.
Aiming: Sting (safe; 4% risk of failure)
Press: ? - help, Shift-Dir - straight line, f - goblin, p - orc
Aim: a goblin, wielding a +0 falchion (64% to hit)
The sting hits the goblin.
The goblin is poisoned.
The goblin is moderately wounded.
You kill the goblin!
The orc looks more healthy.
You see here a +0 falchion.
You closely miss the orc. You grab the orc.
The orc is almost dead.
You constrict the orc.
You kill the orc!
Casting: Sting (safe; 4% risk of failure)
Confirm with . or Enter, or press ? or * to list all spells.
Aiming: Sting (safe; 4% risk of failure)
Press: ? - help, Shift-Dir - straight line, f - you Something hits you.
Casting: Sting (safe; 4% risk of failure)
Confirm with . or Enter, or press ? or * to list all spells.
Aiming: Sting (safe; 4% risk of failure)
Press: ? - help, Shift-Dir - straight line, f - you The sting hits something.
Something barely misses you.
Unknown command.
Casting: Sting (safe; 4% risk of failure)
Confirm with . or Enter, or press ? or * to list all spells.
Aiming: Sting (safe; 4% risk of failure)
Press: ? - help, Shift-Dir - straight line, f - you Something hits you.
Unknown command.
You barely miss something. You squeeze something.
You hear some strange, mumbled words.
You are confused.
You hit something but do no damage. Your squeeze misses something.
Something hits you.
You completely miss something. Something hits you. Something hits you.
You're too confused to move!
Something hits you.
* * * LOW HITPOINT WARNING * * *
You feel less confused. Something hits you.
* * * LOW HITPOINT WARNING * * *
Casting: Sting (safe; 4% risk of failure)
Confirm with . or Enter, or press ? or * to list all spells.
Aiming: Sting (safe; 4% risk of failure)
Press: ? - help, Shift-Dir - straight line Something hits you.
* * * LOW HITPOINT WARNING * * *
Unknown command.
Casting: Sting (safe; 4% risk of failure)
Confirm with . or Enter, or press ? or * to list all spells.
Aiming: Sting (safe; 4% risk of failure)
Press: ? - help, Shift-Dir - straight line The sting hits something.
Something hits you.
You die...

#...# #.#
#.)#.......
#...# #.#
#........{.
##### #.#
#..........
#.#
####.......
##'#####
.......
#......#
##...##
#.$....#
##.#
#.)...!# .#
#..@...# #
#......#
#......#
#.....)#
#).....#
...#####
....# .....


There were no monsters in sight!

Vanquished Creatures
  A gnoll (D:1)
  A dart slug (D:1)
  2 ribbon worms
  3 orcs (D:3)
  2 ball pythons (D:1)
  3 bats
  6 endoplasms
  2 giant cockroaches
  4 goblins
  A hobgoblin (D:3)
  11 jackals
  3 quokkas (D:2)
  A frilled lizard (D:2)
  A kobold (D:1)
  A rat (D:1)
42 creatures vanquished.

Notes
Turn   | Place    | Note
-------+----------+-------------------------------------------
     0 | D:1      | Flugkiller the Octopode Alchemist began the quest for the
                  | Orb.
     0 | D:1      | Reached XP level 1. HP: 11/11 MP: 3/3
    53 | D:1      | Reached XP level 2. HP: 17/17 MP: 0/5
   175 | D:2      | Reached XP level 3. HP: 21/21 MP: 3/6
   182 | D:2      | Reached skill level 4 in Alchemy
   358 | D:1      | Found Tif Bay's Book Shoppe.
   493 | D:3      | Found Hargho's Magic Scroll Emporium.
   521 | D:3      | Reached XP level 4. HP: 27/27 MP: 8/8
   529 | D:3      | Bought a scroll of identify for 24 gold pieces
   539 | D:3      | Found a shadowy altar of Dithmenos.
   728 | D:3      | Slain by an orc wizard

Illustrated notes

Levels and vault maps discovered:
D:1:      evilmike_arrival_hilbert_curve, layout_basic, serial_shops,
          nicolae_shop_hallway_plus, hellmonk_ecumenical_altar_zigzags,
          nicolae_nh_oracle_at_delphi
D:2:      layout_rooms, st_stairs_4, nrook_campfire, uniq_crazy_yiuf_cottage
D:3:      layout_basic, okawaru_gym_becter, amcnicky_altar_gilded, serial_shops,
          nicolae_shop_waterfront

Skill      XL: |  1  2  3 |
---------------+----------+-----
Alchemy        | 4 |  4.4
Spellcasting   | 3 |  3.2
Dodging        | |  2.0
Stealth        | |  2.6
Conjurations   | |  1.0

Action                     |  1- 3 |  4- 6 || total
---------------------------+-------+-------++-------
  Melee: Staff             |    11 |       ||    11
         Tentacles         |    15 |     2 ||    17
         Constrict         |    11 |     3 ||    14
         Punch             |     2 |       ||     2
         Short sword       |    38 |    13 ||    51
   Cast: Sting             |    24 |    15 ||    39
    Use: Scroll            |       |     1 ||     1
   Stab: Sleeping          |     2 |       ||     2
 Armour: Skin              |    17 |    12 ||    29
  Dodge: Dodged            |    31 |     7 ||    38

Table legend: (Time is in decaauts)
 A = Elapsed time spent in this place.
 B = Non-inter-level travel time spent in this place.
 C = Inter-level travel time spent in this place.
 D = Time resting spent in this place.
 E = Time spent auto-exploring this place.
 F = Levels seen in this place.
 G = Mean time per level.
                   A        B        C        D        E       F      G
               +--------+--------+--------+--------+--------+-----+--------+
         Total |    728 |    671 |     57 |      0 |      0 |   3 |  242.7 |
       Dungeon |    728 |    671 |     57 |      0 |      0 |   3 |  242.7 |
               +--------+--------+--------+--------+--------+-----+--------+

Top non-repeatable levels by time:
     D:2: 250 daAuts
     D:3: 247 daAuts
     D:1: 231 daAuts
